 Dungeon Crawl Stone Soup version 0.19-a0-27-g415f530 (webtiles) character file.

9 Duffy the Skirmisher (level 2, 20/24 HPs)
             Began as a Demonspawn Fighter on May 2, 2016.
             Quit the game on level 2 of the Dungeon.
             The game lasted 00:00:15 (72 turns).

Duffy the Skirmisher (Demonspawn Fighter)             Turns: 72, Time: 00:00:16

Health: 20/24      AC:  8    Str: 16    XL:     2   Next: 6%
Magic:  2/2        EV:  6    Int:  9    God:
Gold:   14         SH:  3    Dex: 12    Spells: 0 memorised, 1 level left

rFire  . . .     SeeInvis .     a - +0 war axe
rCold  . . .     Gourm    .     i - +0 chain mail
rNeg   . . .     Faith    .     (no shield)
rPois  .         Spirit   .     (no helmet)
rElec  .         Dismiss  .     (no cloak)
rCorr  .         Reflect  +     (no gloves)
SustAt .         Harm     .     (no boots)
MR     .....                    g - +3 amulet of reflection
Stlth  ..........               (no ring)
                                (no ring)

@: not resistant to hostile enchantments, extremely unstealthy
A: demonic guardian 1
a: no special abilities


You were on level 2 of the Dungeon.
You were not hungry.

You visited 1 branch of the dungeon, and saw 2 of its levels.

You collected 14 gold pieces.


Innate Abilities, Weirdness & Mutations

A weak demonic guardian rushes to your aid.


   Skills:
 - Level 3.0 Fighting
 + Level 2.5 Axes
 - Level 2.6 Armour
 - Level 2.6 Shields


You had one spell level left.
You didn't know any spells.

Inventory:

Hand Weapons
 a - a +0 war axe (weapon)
Armour
 b - a +0 scale mail
 c - a +0 shield
 i - a +0 chain mail (worn)
Jewellery
 g - a +3 amulet of reflection (around neck)
Scrolls
 e - a scroll of amnesia {unknown}
Potions
 d - a potion of might
Comestibles
 f - a bread ration
 h - a royal jelly

Dungeon Overview and Level Annotations

Branches:
Dungeon (2/15)

Altars:


Message History

You finish taking off your +0 scale mail.
You start putting on your armour.
You continue putting on your chain mail. x5
You finish putting on your +0 chain mail.
Take off which item? (? for menu, Esc to quit)
You start removing your armour.
You continue taking off your +0 shield. x4
You finish taking off your +0 shield.
A hobgoblin comes into view. It is wielding a club.
The hobgoblin shouts!
The hobgoblin moves out of view.
There is a stone staircase leading down here.
You climb downwards.
A giant newt and an adder come into view.
Found a scroll labeled QAOMYA HIT CUJ.
There is a stone staircase leading up here.
The giant newt barely misses you.
You hit the giant newt.
You kill the giant newt!
Found a scroll labeled ZUKHIOF JETORAU.
You slash the adder!
The adder is almost dead.
The adder bites you but does no damage. x2
You closely miss the adder.
The adder is almost dead.
The adder bites you but does no damage. x2
Your chain mail prevents you from hitting the adder.
The adder is almost dead.
You block the adder's attack. The adder barely misses you.
You hit the adder.
The adder is almost dead.
The adder barely misses you.
You barely miss the adder.
The adder is almost dead.
You block the adder's attack. The adder barely misses you.
You closely miss the adder.
The adder is almost dead.
The adder bites you. The adder barely misses you.
You closely miss the adder.
The adder is almost dead.
The adder bites you but does no damage. x2
You closely miss the adder.
The adder is almost dead.
The adder barely misses you. x2
You hit the adder.
You kill the adder!
Your Axes skill increases to level 2!
You have reached level 2!
Your demonic ancestry asserts itself...
You feel the presence of a demonic guardian.
Are you sure you want to abandon this character and quit the game? (Confirm with "yes".)

. .? ... # ....
.# .....#####.#
#..?....<..###
#.....%@.....#
##.........#...#
#.........# #..
##.###...## . #
###.. ###


There were no monsters in sight!

Action                   || total
-------------------------++-------
Melee: War axe           ||    10
Armor: Chain mail        ||     6
Dodge: Dodged            ||     7
Block: Other             ||     2

Notes
Turn   | Place    | Note
--------------------------------------------------------------
     0 | D:1      | Duffy the Demonspawn Fighter began the quest for the Orb.
     0 | D:1      | Reached XP level 1. HP: 18/18 MP: 1/1
    71 | D:2      | Reached skill level 2 in Axes
    71 | D:2      | Gained mutation: A weak demonic guardian rushes to your aid. [demonic ancestry]
    71 | D:2      | Reached XP level 2. HP: 20/24 MP: 2/2
    72 | D:2      | Quit the game

Skill      XL: |  1 |
---------------+----+-----
Axes           | 2 |  2.5
Fighting       | |  3.0
Armour         | |  2.6
Shields        | |  2.6

Vault maps used:
D:1:      lightli_arrival_quake, serial_bayou, serial_bayou_pond_b,
          serial_bayou_pond_d, serial_bayou_lagoon_a, serial_bayou_ford_a,
          serial_bayou_pond_a, minmay_shallow_snake_nest
D:2:      fiery_altar_vehumet, grunt_gozag_breadcrumbs

Vanquished Creatures
  An adder
  A giant newt
2 creatures vanquished.
